Map: [ESL] Data-C

Players

ArT

  • Race: Protoss Protoss
  • Spawn Location: 9:00

Harstem - Winner!

  • Race: Protoss Protoss
  • Spawn Location: 3:00

Event: DreamHack SC2 Masters 2022 Atlanta (Online)

VOD

Have the link to the VOD?

Description

Time

  • Played on: Oct. 5, 2022, 1:29 p.m.
  • Length: 10:45

All games in this series

Show
View Real Time Build Order
Export as new Build Order

ArT Protoss 

Build Orders: Blink Stalkers 

Get SALT Encoding   

  12  0:00  Probe  
  13  0:12  Probe  
  14  0:19  Pylon  
  14  0:24  Probe  
  15  0:37  Probe (Chrono Boost)  
  15  0:38  Gateway  
  16  0:46  Probe (Chrono Boost)  
  16  0:47  Assimilator  
  17  0:52  Probe  
  18  0:58  Assimilator  
  18  1:04  Probe (Chrono Boost)  
  19  1:07  Pylon  
  19  1:14  Probe (Chrono Boost)  
  20  1:19  Probe (Chrono Boost)  
  21  1:26  Cybernetics Core  
  21  1:30  Probe  
  22  1:33  Zealot  
  24  1:42  Probe  
  25  1:54  Probe  
  25  2:00  Warp Gate (Chrono Boost)  
  25  2:01  Stalker (Chrono Boost)  
  28  2:19  Nexus  
  28  2:24  Stalker  
  30  2:38  Pylon  
  30  2:43  Shield Battery  
  31  2:51  Gateway  
  30  2:56  Stalker  
  32  3:00  Gateway  
  32  3:06  Probe  
  32  3:12  Shield Battery  
  32  3:19  Probe  
  33  3:24  Twilight Council  
  33  3:36  Probe (Chrono Boost)  
  33  3:40  Probe (Chrono Boost)  
  35  3:46  Adept x2  
  41  3:49  Probe (Chrono Boost)  
  41  3:50  Pylon  
  41  3:51  Probe (Chrono Boost)  
  41  3:54  Probe (Chrono Boost)  
  41  3:58  Robotics Facility, Blink (Chrono Boost)  
  42  4:06  Probe  
  42  4:09  Probe  
  44  4:21  Probe x2  
  46  4:26  Stalker  
  46  4:30  Stalker  
  50  4:33  Probe x2  
  52  4:42  Dark Shrine  
  52  4:45  Probe  
  53  4:46  Probe  
  53  4:50  Stalker  
  56  4:56  Assimilator  
  56  4:57  Probe  
  56  4:58  Probe  
  62  5:09  Pylon  
  62  5:17  Pylon  
  62  5:24  Pylon  
  62  5:27  Probe x2  
  62  5:28  Observer (Chrono Boost)  
  61  5:34  Nexus  
  59  5:39  Probe x2  
  58  5:46  Observer (Chrono Boost)  
  58  5:50  Stalker  
  58  5:52  Probe  
  58  5:54  Pylon  
  61  5:57  Dark Templar  
  61  5:59  Probe  
  61  6:04  Probe  
  66  6:11  Probe  
  66  6:12  Gateway  
  66  6:16  Shield Battery, Probe  
  65  6:23  Probe  
  65  6:24  Immortal (Chrono Boost)  
  66  6:29  Observer, Probe  
  69  6:35  Probe  
  69  6:37  Forge  
  68  6:43  Robotics Bay  
  69  6:48  Probe x2 (Chrono Boost)  
  69  6:49  Probe (Chrono Boost)  
  71  6:57  Probe (Chrono Boost)  
  71  6:58  Probe (Chrono Boost)  
  71  6:59  Probe (Chrono Boost)  
  71  7:01  Stalker x2  
  76  7:02  Probe (Chrono Boost)  
  76  7:06  Probe  
  80  7:09  Probe  
  80  7:11  Protoss Ground Weapons Level 1, Assimilator  
  80  7:14  Probe  
  82  7:18  Probe  
  82  7:19  Observer, Pylon  
  82  7:20  Stalker  
  82  7:21  Probe  
  86  7:25  Pylon  
  86  7:26  Probe  
  86  7:28  Disruptor (Chrono Boost)  
  87  7:34  Probe  
  87  7:35  Pylon  
  87  7:36  Probe  
  92  7:42  Stalker x2  
  92  7:43  Stalker  
  98  7:45  Photon Cannon  
  98  7:46  Probe  
  99  7:52  Photon Cannon  
  99  7:58  Probe  
  99  7:59  Disruptor (Chrono Boost)  
  99  8:04  Photon Cannon  
  103  8:09  Shield Battery, Stalker x2  
  103  8:10  Stalker  
  109  8:16  Probe  
  109  8:17  Assimilator  
  109  8:18  Assimilator  
  110  8:28  Disruptor (Chrono Boost), Probe x2  
  110  8:31  Gateway  
  110  8:32  Gateway  
  115  8:34  Probe  
  115  8:38  Photon Cannon, Pylon x2  
  113  8:45  Zealot x3  
  105  8:56  Gateway, Probe x2  
  105  8:59  Charge  
  105  9:00  Disruptor (Chrono Boost)  
  109  9:06  Stalker x2  
  109  9:08  Stalker  
  115  9:18  Robotics Facility  
  115  9:24  Observer (Chrono Boost)  
  115  9:26  Pylon  
  115  9:29  Stalker x4  
  124  9:34  Stalker  
  126  9:38  Pylon  
  126  9:47  Nexus  
  126  9:55  Disruptor (Chrono Boost)  
  129  10:01  Photon Cannon  
  129  10:04  Shield Battery  
  129  10:05  Photon Cannon  
  127  10:17  Zealot, Stalker  
  127  10:18  Zealot x4  
  134  10:29  Shield Battery  
  134  10:31  Pylon  
  134  10:32  Probe  
Show
View Real Time Build Order
Export as new Build Order

Harstem Protoss - Winner!

Build Orders: Dark Templar Rush 

Get SALT Encoding   

  12  0:00  Probe  
  13  0:12  Probe  
  14  0:17  Pylon  
  14  0:24  Probe  
  15  0:36  Gateway  
  15  0:37  Probe (Chrono Boost)  
  16  0:46  Probe (Chrono Boost), Assimilator  
  17  0:51  Probe (Chrono Boost)  
  17  0:55  Assimilator  
  18  1:03  Probe (Chrono Boost)  
  19  1:09  Gateway  
  19  1:13  Probe (Chrono Boost)  
  20  1:19  Probe  
  20  1:25  Cybernetics Core  
  21  1:31  Probe  
  22  1:36  Pylon  
  22  1:43  Probe  
  23  1:55  Probe  
  24  2:02  Pylon  
  24  2:03  Stalker  
  24  2:04  Warp Gate  
  26  2:24  Nexus  
  26  2:28  Probe  
  29  2:31  Pylon  
  27  2:38  Sentry  
  27  2:40  Probe  
  30  2:51  Stalker  
  30  2:52  Probe  
  33  3:00  Twilight Council  
  33  3:04  Probe  
  34  3:16  Probe  
  34  3:19  Shield Battery  
  35  3:22  Sentry (Chrono Boost)  
  37  3:28  Probe  
  38  3:37  Probe  
  38  3:40  Probe  
  40  3:44  Dark Shrine  
  40  3:49  Probe  
  40  3:52  Stalker  
  40  3:53  Probe, Stalker  
  46  4:02  Shield Battery  
  46  4:08  Pylon  
  46  4:09  Shield Battery  
  46  4:11  Stalker  
  46  4:12  Probe  
  46  4:15  Probe  
  50  4:20  Stalker  
  52  4:24  Probe  
  52  4:27  Robotics Facility, Probe  
  54  4:32  Assimilator  
  54  4:34  Shield Battery  
  54  4:36  Probe  
  55  4:41  Zealot, Pylon  
  57  4:46  Probe  
  57  4:48  Probe  
  57  4:50  Pylon  
  59  4:58  Dark Templar  
  61  5:00  Probe (Chrono Boost)  
  61  5:01  Probe (Chrono Boost)  
  63  5:10  Dark Templar, Probe (Chrono Boost)  
  63  5:11  Probe (Chrono Boost)  
  67  5:17  Probe  
  67  5:18  Observer (Chrono Boost)  
  69  5:25  Nexus  
  69  5:28  Probe  
  70  5:31  Blink (Chrono Boost)  
  70  5:39  Gateway  
  70  5:42  Gateway  
  70  5:49  Stalker x2  
  74  5:50  Probe, Pylon  
  74  5:52  Probe  
  76  6:02  Probe  
  75  6:04  Probe  
  75  6:05  Forge  
  75  6:08  Immortal (Chrono Boost)  
  80  6:14  Shield Battery  
  80  6:15  Probe  
  81  6:21  Stalker  
  81  6:25  Stalker  
  85  6:28  Phoenix, Probe  
  86  6:35  Protoss Ground Weapons Level 1 (Chrono Boost)  
  86  6:37  Probe, Stalker  
  86  6:38  Stalker  
  92  6:41  Probe, Pylon  
  92  6:45  Stalker  
  95  6:50  Probe  
  95  6:51  Pylon  
  95  6:52  Stalker  
  95  6:53  Probe  
  98  6:56  Probe  
  98  7:01  Stalker, Pylon  
  101  7:04  Photon Cannon  
  101  7:06  Observer (Chrono Boost), Assimilator  
  102  7:11  Stalker  
  102  7:14  Probe  
  102  7:15  Photon Cannon, Probe  
  106  7:19  Stalker  
  108  7:27  Gateway x2  
  108  7:30  Warp Prism (Chrono Boost)  
  108  7:31  Charge (Chrono Boost)  
  110  7:48  Probe  
  110  7:49  Probe  
  112  7:53  Nexus  
  112  7:58  Pylon  
  112  8:02  Stalker x4  
  118  8:06  Probe  
  118  8:07  Probe  
  118  8:09  Pylon  
  118  8:10  Probe  
  121  8:18  Probe  
  120  8:26  Stalker x6  
  130  8:27  Probe  
  130  8:30  Photon Cannon  
  130  8:31  Probe  
  132  8:35  Pylon  
  116  8:53  Zealot x6  
  116  8:55  Probe  
  129  8:56  Probe, Pylon  
  130  9:04  Probe  
  130  9:08  Probe  
  130  9:14  Gateway  
  130  9:15  Gateway  
  128  9:18  Dark Templar  
  128  9:19  Zealot x3, Dark Templar x2  
  128  9:22  Probe  
  141  9:26  Probe x2  
  141  9:27  Probe  
  141  9:30  Gateway  
  141  9:31  Gateway  
  144  9:33  Immortal (Chrono Boost)  
  144  9:42  Shield Battery  
  144  9:44  Pylon  
  144  9:52  Dark Templar x3  
  148  9:56  Zealot x3  
  156  10:07  Nexus  
  152  10:19  Zealot x5  
  154  10:38  Stalker x5  
  154  10:39  Zealot x5  
Tags
 
Add a new tag
Caveats
  • Supply blocks, unpowered buildings, or Contaminate may cause inaccurate times.
  • Supply counts are checked every 10 seconds.